 Dungeon Crawl Stone Soup version 0.30-a0-772-g5528072125 (webtiles) character file.

Game seed: 11082343877468790616

440804 HoaS the Crack Shot (level 24, -5/166 HPs)
             Began as a Gargoyle Hunter on Feb 12, 2023.
             Was an Initiate of Gozag.
             Killed by divine providence
             ... invoked by a white draconian stormcaller
              (11 damage)
             ... on level 4 of the Depths.
             The game lasted 01:35:57 (46829 turns).

HoaS the Crack Shot (Gargoyle Hunter)              Turns: 46829, Time: 01:35:57

Health: -5/166     AC: 40    Str: 21    XL:     24   Next: 10%
Magic:  23/23      EV: 38    Int: 13    God:    Gozag
Gold:   16238      SH:  5    Dex: 33    Spells: 23/23 levels left

rFire   . . .      SeeInvis .    J - +7 triple crossbow "Keisuhu" {heavy, rElec Int+2}
rCold   + + .      Faith    .    (shield currently unavailable)
rNeg    + . .      Spirit   .    s - +2 faerie dragon scales {rCorr Stlth+ Clar} rPois โˆž Reflect +
                                 X - +1 helmet of Zin's Inspiration {Str+3}
rElec   +          Harm     .    B - +2 cloak
rCorr   +          Rampage  .    K - +2 pair of gloves
Will    ++...      Clarity  +    p - +2 pair of boots
Stlth   +++                      x - amulet "Taloiv" {Reflect rPois rC++ Will+ SH+5}
HPRegen 0.47/turn                g - +6 ring of dexterity
MPRegen 0.18/turn                u - +6 ring of dexterity

@: flying, studying Transmutations
A: sickness immunity, AC +18, big wings, negative energy resistance 1,
electricity resistance, torment resistance 1, petrification resistance
}: 2/15 runes: decaying, serpentine
a: Renounce Religion, Potion Petition, Call Merchant, Bribe Branch


You were on level 4 of the Depths.
You worshipped Gozag.
Gozag was extremely pleased with you.
You visited 9 branches of the dungeon, and saw 41 of its levels.
You also visited: Bailey, Ice Cave and Volcano.

You collected 22531 gold pieces.
You spent 2968 gold pieces at shops.
You paid 3325 gold pieces to Gozag.

Inventory:

Hand Weapons
 J - the +7 triple crossbow "Keisuhu" (weapon) {heavy, rElec Int+2}
   (You acquired it on level 2 of the Snake Pit)

   Int:       It affects your intelligence (+2).
   rElec:     It insulates you from electricity.
Armour
 e - a +2 cloak
 n - +1 steam dragon scales
 p - a +2 pair of boots (worn)
 s - the +2 faerie dragon scales (worn) {rCorr Stlth+ Clar}
   (You took it off the Enchantress on level 2 of the Depths)

   Clar:      It protects you against confusion.
   rCorr:     It protects you from acid and corrosion.
   Stlth:     It makes you more stealthy.
 B - a +2 cloak (worn)
 K - a +2 pair of gloves (worn)
 X - the +1 helmet of Zin's Inspiration (worn) {Str+3}
   (You bought it in a shop on level 2 of the Orcish Mines)

   Str:       It affects your strength (+3).
Jewellery
 g - a +6 ring of dexterity (left hand)
 l - the amulet of the Four Winds {rN+ Will+++ Clar}
   (You found it on level 4 of the Vaults)

   [amulet of nothing]

   rN:        It protects you from negative energy.
   Clar:      It protects you against confusion.
   Will:      It greatly increases your willpower.
 o - a ring of willpower
 u - a +6 ring of dexterity (right hand)
 v - a ring of willpower
 x - the amulet "Taloiv" (around neck) {Reflect rPois rC++ Will+ SH+5}
   (You bought it in a shop on level 4 of the Snake Pit)

   [amulet of reflection]

   It reflects blocked missile attacks.
   rC:        It greatly protects you from cold.
   rPois:     It protects you from poison.
   SH:        It affects your SH (+5).
   Will:      It increases your willpower.
 z - a ring of resist corrosion
 G - a ring of protection from fire
 H - a ring of see invisible
 N - a ring of ice
 O - a ring of fire
 R - a ring of ice
Wands
 q - a wand of light (7)
 Q - a wand of digging (2)
Scrolls
 b - 4 scrolls of immolation
 h - a scroll of silence
 i - a scroll of enchant weapon
 t - 14 scrolls of teleportation
 y - 5 scrolls of magic mapping
 A - a scroll of enchant armour
 C - 6 scrolls of fear
 M - 9 scrolls of blinking
 P - a scroll of butterflies
 U - 9 scrolls of poison
Potions
 a - 6 potions of heal wounds
 c - 8 potions of invisibility
 d - 4 potions of resistance
 f - 11 potions of attraction
 j - 6 potions of haste
 k - 7 potions of cancellation
 m - 5 potions of mutation
 r - 26 potions of curing
 E - 9 potions of lignification
 I - 12 potions of ambrosia
 V - 2 potions of berserk rage
Miscellaneous
 F - a phantom mirror


   Skills:
 + Level 21.5 Fighting
 - Level 26.0 Ranged Weapons
 - Level 5.8 Armour
 * Level 21.9 Dodging
 - Level 1.1 Stealth


You had 23 spell levels left.
You didn't know any spells.
Your spell library contained the following spells:

 Spells                   Type           Power      Damage    Failure   Level
 Apportation              Tloc           0%         N/A       36%         1
 Kiss of Death            Conj/Necr      0%         2d5       36%         1
 Necrotise                Necr           0%         1d4       36%         1
 Summon Small Mammal      Summ           0%         N/A       36%         1
 Ensorcelled Hibernation  Hex/Ice        0%         N/A       50%         2
 Lesser Beckoning         Tloc           0%         N/A       50%         2
 Passwall                 Tmut/Erth      0%         N/A       50%         2
 Poisonous Vapours        Pois/Air       0%         N/A       50%         2
 Scorch                   Fire           0%         2d5       50%         2
 Static Discharge         Conj/Air       0%         2-2/arc   50%         2
 Wereblood                Tmut           0%         N/A       50%         2
 Confusing Touch          Hex            0%         N/A       75%         3
 Dazzling Flash           Conj/Hex       0%         N/A       75%         3
 Frozen Ramparts          Ice            0%         1d1       75%         3
 Gell's Gravitas          Tloc           0%         N/A       75%         3
 Hailstorm                Conj/Ice       0%         3d3       75%         3
 Mephitic Cloud           Conj/Pois/Air  0%         N/A       75%         3
 Ozocubu's Armour         Ice            0%         N/A       75%         3
 Summon Guardian Golem    Hex/Summ       0%         N/A       75%         3
 Swiftness                Air            0%         N/A       75%         3
 Teleport Other           Tloc           0%         N/A       75%         3
 Vhi's Electric Charge    Tloc/Air       0%         N/A       75%         3
 Airstrike                Air            0%         2d(0-16)  98%         4
 Cause Fear               Hex            0%         N/A       98%         4
 Dispel Undead            Necr           0%         3d6       98%         4
 Flame Wave               Conj/Fire      0%         2d4       98%         4
 Ice Form                 Ice/Tmut       0%         N/A       98%         4
 Iskenderun's Mystic Bla  Conj/Tloc      0%         2d3       98%         4
 Olgreb's Toxic Radiance  Pois           0%         N/A       98%         4
 Petrify                  Tmut/Erth      0%         N/A       98%         4
 Summon Ice Beast         Ice/Summ       0%         N/A       98%         4
 Summon Lightning Spire   Summ/Air       0%         N/A       98%         4
 Arcjolt                  Conj/Air       0%         1d10      100%        5
 Freezing Cloud           Conj/Ice/Air   0%         6-21      100%        5
 Lee's Rapid Deconstruct  Erth           0%         3d4*      100%        5
 Lightning Bolt           Conj/Air       0%         1d11      100%        5
 Metabolic Englaciation   Hex/Ice        0%         N/A       100%        5
 Yara's Violent Unravell  Hex/Tmut       0%         3d3       100%        5
 Conjure Ball Lightning   Conj/Air       0%         3x3d6     100%        6
 Iron Shot                Conj/Erth      0%         9d1       100%        6
 Summon Cactus Giant      Summ           0%         N/A       100%        6
 Dragon Form              Tmut           0%         N/A       100%        7
 Haunt                    Necr/Summ      0%         N/A       100%        7
 Malign Gateway           Summ/Tloc      0%         N/A       100%        7
 Orb of Destruction       Conj           0%         9d5       100%        7
 Ozocubu's Refrigeration  Ice            0%         4d7       100%        7
 Spellforged Servitor     Conj/Summ      0%         N/A       100%        7
 Storm Form               Tmut/Air       0%         N/A       100%        7
 Summon Hydra             Summ           0%         N/A       100%        7
 Ignition                 Fire           0%         3d3       100%        8
 Infestation              Necr           0%         N/A       100%        8
 Lehudib's Crystal Spear  Conj/Erth      0%         10d2      100%        8
 Maxwell's Capacitive Co  Air            0%         โˆž       100%        8
 Summon Horrible Things   Summ           0%         N/A       100%        8
 Chain Lightning          Conj/Air       0%         N/A       100%        9
 Dragon's Call            Summ           0%         N/A       100%        9
 Fire Storm               Conj/Fire      0%         5d1       100%        9
 Shatter                  Erth           0%         3d5*      100%        9
 Cigotuvi's Dreadful Rot  Necr/Pois/Air  Unusable   N/A       N/A         2
 Sublimation of Blood     Necr           Unusable   N/A       N/A         2
 Animate Dead             Necr           Unusable   N/A       N/A         4
 Statue Form              Tmut/Erth      Unusable   N/A       N/A         6

Dungeon Overview and Level Annotations

Branches:
Dungeon (15/15)            Temple (1/1) D:6            Lair (5/5) D:11
  Swamp (4/4) Lair:3        Snake (4/4) Lair:3        Slime (0/5) Lair:4
    Orc (2/2) D:12            Elf (2/3) Orc:2        Vaults (4/5) D:14
  Crypt (0/3) Vaults:2     Depths (3/4) D:15            Zot (0/5) Depths:4
 Bailey (visited)           IceCv (visited)         Volcano (visited)

Altars:
Ashenzari
Cheibriados
Dithmenos
Elyvilon
Fedhas
Gozag
Hepliaklqana
Kikubaaqudgha
Makhleb
Nemelex Xobeh
Okawaru
Qazlal
Ru
Sif Muna
Trog
Uskayaw
Vehumet
Wu Jian
Xom
Yredelemnul
Zin
The Shining One
Jiyva
Lugonu

Shops:
D:9 *   Orc:1 (   Orc:2 (**?[==[   Elf:1 ([(   Elf:2 :   Snake:3 ![=
Snake:4 :=   Vaults:2 (   Vaults:4 [   Depths:1 =

Portals:
Hell: Depths:1 Depths:2
Abyss: Lair:5 Depths:2
Pandemonium: Depths:2
Ziggurat: Depths:2
Trove: D:11 (give 2 scrolls of acquirement)


Innate Abilities, Weirdness & Mutations

You are immune to sickness and miasma.
Your stone body is resilient. (AC +18)
You are immune to poison.
Your large and strong wings let you fly.
You resist negative energy. (rN+)
You are resistant to electric shocks. (rElec)
You are resistant to unholy torment.
You are immune to petrification.


Message History

The death drake misses you.
The komodo dragon completely misses you.
The wind drake exhales a fierce blast of wind!
The komodo dragon is knocked back by the gust of wind.
The komodo dragon slams into the metal wall!
The komodo dragon is moderately wounded.
You are knocked back by the gust of wind.
You slam into the metal wall!
The death drake completely misses you. The wind drake completely misses you.
The death drake completely misses you. You block the wind drake's attack.
The komodo dragon completely misses you.
The death drake completely misses you. You block the wind drake's attack.
The death drake misses you.
The komodo dragon completely misses you.
The wind drake exhales a fierce blast of wind!
The lindwurm is knocked back by the gust of wind.
The komodo dragon is knocked back by the gust of wind.
The komodo dragon slams into the metal wall!
The komodo dragon is heavily wounded.
You are knocked back by the gust of wind.
You slam into the metal wall!
* * * LOW HITPOINT WARNING * * *
The death drake completely misses you. x2
The wind drake completely misses you.
The komodo dragon completely misses you.
The death drake completely misses you. The wind drake completely misses you.
You block the komodo dragon's attack. The death drake completely misses you.
The wind drake exhales a fierce blast of wind!
The lindwurm is knocked back by the gust of wind.
The komodo dragon is knocked back by the gust of wind.
The komodo dragon slams into the metal wall!
The komodo dragon is heavily wounded.
You are knocked back by the gust of wind.
You slam into the metal wall!
The death drake completely misses you. You block the wind drake's attack.
The white draconian stormcaller invokes the aid of Qazlal against you.
Qazlal smites you!
You die...
Your body crumbles into a pile of gold.

..#........##...##........#......
..#...#...............#...#......
..#.......................#......
#.#.$...#...........#.....#......
#.#.......................#......
#.###...#.......#...###.#.)....
#.#q#............)..#q#ยง#......
#####.....#..k#k....#####......
##...........@lk.....###......
############.############......
#.........)....................
#..............................
##..............................
##..............................#
................................#
.............[...#..)...........#
.โ‰ˆ..........#....#####..........#


You could see a white draconian stormcaller, a death drake (summoned), a wind
drake (summoned, repels missiles), a lindwurm (summoned) and a komodo dragon
(summoned).

Vanquished Creatures
  Mara (Depths:2)
  Mennas (Vaults:4)
  2 juggernauts (Depths:4)
  Vv (Depths:2)
  the Lernaean hydra (Swamp:4)
  Vashnia (Snake:4)
  Bai Suzhen (Depths:1)
  Saint Roka (Orc:2)
  Nikola (Swamp:2)
  A golden dragon (Depths:2)
  the Enchantress (Depths:2)
  Rupert (Orc:2)
  Jorgrun (Swamp:2)
  A titan (Vaults:4)
  A lich (Vaults:3)
  A walking divine tome (Depths:2)
  2 sphinxes
  A quicksilver dragon (Vaults:4)
  An ancient champion (Elf:2)
  Kirke (Lair:4)
  Frances (D:12)
  A thorn hunter (Swamp:3)
  Roxanne (Snake:1)
  4 tengu reavers
  7 nagarajas
  A storm dragon (Depths:2)
  A draconian monk (Depths:4)
  Donald (Swamp:1)
  A revenant (Vaults:2)
  2 fenstrider witches (Swamp:4)
  5 shadow dragons
  7 fire giants
  The ghost of Tungsten the Black Belt, a journeyman DgTm (Swamp:4)
  Aizul (Swamp:1)
  5 frost giants
  12 vault wardens
  3 deep elf sorcerers (Elf:1)
  13 ironbound preservers
  5 spriggan defenders (Depths:2)
  A reaper (Depths:1)
  20 very ugly things
  6 ironbound thunderhulks (Vaults:3)
  A curse skull (Vaults:2)
  17 stone giants
  2 deep elf demonologists (Vaults:4)
  Azrael (Orc:2)
  4 eleionomae
  A dire elephant (Vaults:3)
  A green draconian (Depths:4)
  3 black draconians (Depths:4)
  The ghost of derval the Spry, a journeyman FeSu of Gozag (Elf:2)
  A deep elf annihilator (Vaults:4)
  6 bunyips
  4 spark wasps (Depths:2)
  A blizzard demon (Depths:1)
  A green death (Depths:1)
  4 fire dragons
  5 ettins
  6 ice dragons
  2 hell beasts (Depths:1)
  9 vault guards
  9 yaktaur captains
  A rakshasa (Depths:1)
  A salamander tyrant (Snake:2)
  4 great orbs of eyes
  21 hydras
  3 spriggan air magi
  5 two-headed ogres
  11 anacondas
  A catoblepas (Lair:4)
  A ghost crab (Swamp:3)
  7 ironbound frosthearts
  The ghost of funkygono the Thaumaturge, a journeyman GrFE of Vehumet (Lair:4)
  An ogre mage (Vaults:4)
  A radroach (shapeshifter) (Lair:5)
  3 deep troll shamans
  13 centaur warriors
  5 boulder beetles
  15 naga warriors
  26 dancing weapons
  9 death yaks
  12 naga sharpshooters
  4 orc high priests
  2 tengu warriors
  The ghost of gabibbone the Impaler, a journeyman GrFi of Okawaru (D:11)
  A vampire mage (Depths:4)
  3 thrashing horrors (Lair:5)
  10 alligators
  A deep troll earth mage (Depths:4)
  7 shock serpents
  Sonja (Lair:5)
  Amaemon (Lair:2)
  2 sun demons (Depths:1)
  2 spriggan berserkers (Depths:2)
  11 deep elf knights
  A hell knight (Volcano)
  5 salamander mystics
  3 iron trolls
  A skyshark (shapeshifter) (Vaults:4)
  A skeletal warrior (D:14)
  A sixfirhy (Depths:1)
  2 skysharks
  46 deep trolls
  4 glowing orange brains
  A flayed ghost (D:12)
  16 sea snakes (Snake:4)
  3 goliath frogs
  13 bog bodies
  9 swamp dragons
  7 deep elf archers
  2 spriggan druids (Swamp:4)
  6 naga ritualists
  A steelbarb worm (shapeshifter) (Depths:2)
  8 orc knights
  20 ironbound convokers
  9 lindwurms
  3 necromancers
  An obsidian statue (Depths:1)
  6 orc sorcerers
  10 wizards
  A will-o-the-wisp (Swamp:1)
  34 deep elf pyromancers
  22 deep elf zephyrmancers
  6 cyclopes
  3 mana vipers
  41 ugly things
  A mana viper (shapeshifter) (Depths:1)
  15 elephants
  27 salamanders
  11 vault sentinels
  12 guardian serpents
  37 black mambas
  2 molten gargoyles (Volcano)
  27 naga magi
  10 cane toads
  2 orange demons
  6 centaur skeletons
  An ice statue (IceCv)
  3 smoke demons
  An eye of devastation (Vaults:4)
  A rust devil (Depths:1)
  2 torpor snails
  9 komodo dragons
  A yaktaur (shapeshifter) (D:15)
  2 unseen horror zombies (D:9)
  4 rime drakes
  44 yaktaurs
  3 kobold demonologists
  2 freezing wraiths
  An ice devil (Depths:1)
  2 tengu conjurers
  A red devil (Volcano)
  An ancient zyme (Lair:5)
  A queen bee (D:10)
  3 bloated husks
  A hellwing (Depths:1)
  A wind drake (shapeshifter) (Lair:5)
  13 polar bears
  A meliai (shapeshifter) (D:14)
  2 tarantellas (shapeshifter) (Lair:5)
  7 hornets
  6 dream sheep (Lair:5)
  7 trolls
  12 tyrant leeches
  18 blink frogs
  A dream sheep (shapeshifter) (Lair:5)
  A frost giant simulacrum (Depths:2)
  13 spriggans
  An air elemental (Elf:1)
  16 slime creatures
  2 shadows (D:12)
  7 wraiths
  12 basilisks
  20 fire bats
  A ynoxinul (Lair:5)
  4 hogs (Lair:4)
  2 water elementals (D:12)
  76 yaks
  A basilisk (shapeshifter) (D:14)
  A death yak simulacrum (Lair:4)
  4 wyverns
  3 chaos spawn
  15 vampire mosquitoes
  4 fire elementals
  A golden eye (shapeshifter) (Depths:2)
  2 steam dragons
  A neqoxec (Depths:1)
  4 wargs
  3 large abominations (Lair:5)
  6 swamp worms
  44 nagas
  14 water moccasins
  7 hell hounds
  9 swamp drakes
  A floating eye (shapeshifter) (Vaults:4)
  2 hydra simulacra (Lair:4)
  A meliai simulacrum (D:15)
  An ice beast (D:7)
  A sky beast (D:8)
  A hornet zombie (D:15)
  22 orc warriors
  5 black bears
  A black mamba simulacrum (Lair:4)
  5 ogres
  33 wolves
  11 boggarts
  17 centaurs
  4 kobold brigands
  2 gnoll sergeants
  4 scorpions
  13 bullfrogs
  A necrophage (D:5)
  A wyvern zombie (D:6)
  A glowing shapeshifter simulacrum (Depths:2)
  7 earth elementals
  14 small abominations (Lair:5)
  16 wights
  A lindwurm simulacrum (Lair:4)
  32 killer bees (D:10)
  10 electric eels
  5 howler monkeys
  A torpor snail simulacrum (Lair:4)
  2 komodo dragon simulacra (Lair:4)
  A crimson imp (D:11)
  6 centaur zombies
  7 lava snakes (Volcano)
  4 hounds
  6 jellies
  18 orc priests
  A bullfrog zombie (D:6)
  A gnoll bouda (D:6)
  Jessica (D:2)
  Terence (D:2)
  3 iguanas
  25 orc wizards
  27 gnolls
  12 adders
  A shadow imp (D:6)
  18 white imps
  2 worms (D:2)
  5 dart slugs
  76 orcs
  5 endoplasms
  5 giant cockroaches
  7 goblins
  6 hobgoblins
  4 jackals (D:3)
  19 kobolds
  4 quokkas
  10 ball pythons
  78 bats
  3 frilled lizards (D:1)
  3 rats
1822 creatures vanquished.

Vanquished Creatures (others)
  A vampire mage (Depths:2)
  2 deep elf zephyrmancers (Elf:1)
  3 bloated husks (Swamp:1)
  A human (Lair:4)
  2 swamp worms (Swamp:1)
  3 boggarts (Vaults:1)
  79 fungi
  113 plants
204 creatures vanquished.

Grand Total: 2026 creatures vanquished

Notes
Turn   | Place    | Note
-------+----------+-------------------------------------------
     0 | D:1      | HoaS the Gargoyle Hunter began the quest for the Orb.
     0 | D:1      | Reached XP level 1. HP: 12/12 MP: 1/1
    33 | D:1      | Reached XP level 2. HP: 17/17 MP: 2/2
   482 | D:1      | Reached XP level 3. HP: 21/21 MP: 3/3
   492 | D:1      | Reached skill level 5 in Ranged Weapons
   745 | D:2      | Found a faded altar of an unknown god.
   803 | D:2      | Noticed Terence
   948 | D:2      | Noticed Jessica
   952 | D:2      | Killed Jessica
   953 | D:2      | Reached XP level 4. HP: 15/26 MP: 4/4
  1035 | D:2      | Reached skill level 6 in Ranged Weapons
  1084 | D:2      | Reached XP level 5. HP: 4/30 MP: 5/5
  1216 | D:2      | Found a blossoming altar of Fedhas.
  1821 | D:2      | Killed Terence
  2034 | D:3      | Identified the +1 ring mail of Honour {rF- Str+4}
  2415 | D:3      | Reached skill level 7 in Ranged Weapons
  2421 | D:3      | Reached XP level 6. HP: 32/35 MP: 6/6
  3793 | D:5      | Entered Level 5 of the Dungeon
  3847 | D:5      | Reached skill level 8 in Ranged Weapons
  3854 | D:5      | Reached XP level 7. HP: 32/40 MP: 7/7
  3959 | D:5      | Reached skill level 9 in Ranged Weapons
  4456 | D:6      | Reached XP level 8. HP: 40/44 MP: 8/8
  4535 | D:6      | Reached skill level 10 in Ranged Weapons
  4858 | D:6      | Found a basalt altar of Yredelemnul.
  4959 | D:6      | Reached skill level 11 in Ranged Weapons
  5009 | D:6      | Found a staircase to the Ecumenical Temple.
  5017 | Temple   | Entered the Ecumenical Temple
  5788 | D:7      | Reached XP level 9. HP: 32/48 MP: 9/9
  5963 | D:7      | Reached skill level 12 in Ranged Weapons
  6319 | D:7      | Found a sacrificial altar of Ru.
  6407 | D:7      | Found a radiant altar of Vehumet.
  6672 | D:7      | Reached skill level 13 in Ranged Weapons
  6850 | Temple   | Became a worshipper of Gozag Ym Sagoz the Greedy
  7492 | D:8      | Reached skill level 14 in Ranged Weapons
  7504 | D:8      | Reached XP level 10. HP: 53/53 MP: 10/10
  8094 | D:9      | Found a flagged portal.
  8114 | D:9      | Reached skill level 15 in Ranged Weapons
  8248 | Bailey   | Entered a bailey
  8809 | D:9      | Found Marout's Changing Room.
  8943 | D:9      | Noticed a two-headed ogre
  8952 | D:9      | Killed a two-headed ogre
  9095 | D:9      | Reached skill level 16 in Ranged Weapons
  9324 | D:9      | Reached XP level 11. HP: 57/57 MP: 11/11
  9577 | D:10     | Entered Level 10 of the Dungeon
  9904 | D:10     | Reached skill level 17 in Ranged Weapons
 10263 | D:11     | Noticed a two-headed ogre
 10389 | D:11     | Noticed a green ugly thing
 10389 | D:11     | Found a portal to a secret trove of treasure.
 10401 | D:10     | Killed a green ugly thing
 10474 | D:11     | Reached skill level 18 in Ranged Weapons
 10642 | D:11     | Found a staircase to the Lair.
 10670 | D:11     | Killed a two-headed ogre
 10708 | D:11     | Found a runed translucent gate.
 10709 | D:11     | Found a runed translucent gate.
 10710 | D:11     | Found a runed translucent gate.
 10711 | D:11     | Noticed gabibbone's ghost (journeyman GrFi)
 10711 | D:11     | Noticed a ten-headed hydra
 10712 | D:11     | Noticed an 11-headed hydra
 11140 | Lair:1   | Entered Level 1 of the Lair of Beasts
 11149 | Lair:1   | Reached XP level 12. HP: 66/66 MP: 12/12
 11236 | Lair:1   | Reached skill level 5 in Dodging
 11329 | Lair:1   | Reached skill level 5 in Fighting
 11622 | Lair:1   | Found a dark tunnel.
 11677 | Volcano  | Entered a volcano
 11888 | Volcano  | Found a burning altar of Makhleb.
 12046 | Volcano  | Noticed a hell knight
 12053 | Volcano  | Killed a hell knight
 12707 | Lair:2   | Noticed a seven-headed hydra
 12713 | Lair:2   | Killed a seven-headed hydra
 12767 | Lair:2   | Reached XP level 13. HP: 78/78 MP: 13/13
 13418 | Lair:2   | Noticed Amaemon
 13440 | Lair:2   | Killed Amaemon
 13482 | Lair:2   | Reached skill level 10 in Dodging
 13791 | Lair:3   | Identified the +0 buckler of the Snake Pit {rF+}
 13987 | Lair:3   | Reached skill level 10 in Fighting
 14073 | Lair:3   | Found a staircase to the Snake Pit.
 14327 | Lair:3   | Found a staircase to the Swamp.
 14652 | Lair:4   | Gained mutation: Your large and strong wings let you fly.
                  | [Gargoyle growth]
 14652 | Lair:4   | Reached XP level 14. HP: 88/88 MP: 14/14
 14723 | Lair:4   | Found a runed translucent gate.
 14723 | Lair:4   | Found a runed translucent gate.
 14724 | Lair:4   | Found a runed translucent gate.
 14840 | Lair:4   | Noticed funkygono's ghost (journeyman GrFE)
 14866 | Lair:4   | Found a staircase to the Slime Pits.
 14871 | Lair:4   | Found a viscous altar of Jiyva.
 14977 | Lair:4   | Noticed Kirke
 15004 | Lair:4   | Killed Kirke
 15783 | Lair:4   | Killed funkygono's ghost
 16063 | Lair:5   | Entered Level 5 of the Lair of Beasts
 16278 | Lair:5   | Found a frozen archway.
 16300 | IceCv    | Entered an ice cave
 16664 | IceCv    | Noticed a frost giant
 16686 | IceCv    | Killed a frost giant
 16804 | IceCv    | Found the +8 Wrath of Trog {antimagic, *Rage Rampage}
 17142 | Lair:5   | Reached XP level 15. HP: 97/97 MP: 15/15
 17241 | Lair:5   | Noticed Sonja
 17249 | Lair:5   | Killed Sonja
 17353 | Lair:5   | Identified the +0 dagger of Perfectionism {heavy, Fly rC-
                  | rN+ SInv}
 17659 | Lair:5   | Found a blossoming altar of Fedhas.
 18176 | Lair:5   | Found a corrupted altar of Lugonu.
 18176 | Lair:5   | Found a one-way gate to the infinite horrors of the Abyss.
 18492 | D:11     | Killed gabibbone's ghost
 18550 | D:12     | Found the +4 Cigotuvi's embrace {Corpsefed rMiasma Drain
                  | rN+}
 18697 | D:12     | Noticed Frances
 18704 | D:12     | Killed Frances
 19113 | D:12     | Found a staircase to the Orcish Mines.
 19334 | D:12     | Found a shadowy altar of Dithmenos.
 19372 | D:12     | Found a runed translucent door.
 19385 | D:12     | Found an ornate altar of the Wu Jian Council.
 19390 | D:12     | Found a shimmering altar of Xom.
 19470 | D:12     | Found a bloodstained altar of Trog.
 19493 | D:12     | Found a white marble altar of Elyvilon.
 19531 | D:12     | Found an ornate altar of the Wu Jian Council.
 19882 | D:12     | Reached skill level 15 in Dodging
 20393 | D:13     | You are sucked into a shaft and drop 1 floor!
 20600 | D:13     | Reached XP level 16. HP: 105/106 MP: 16/16
 21163 | D:14     | Found a gate to the Vaults.
 21547 | D:14     | Reached skill level 5 in Armour
 21547 | D:14     | Reached XP level 17. HP: 112/112 MP: 17/17
 21629 | D:15     | Entered Level 15 of the Dungeon
 21948 | D:15     | Identified the +5 sling "Utzumar" {heavy, rPois rF+}
 21950 | D:15     | Identified the +10 rapier "Pendulum" {venom, Stlth+}
 22550 | D:15     | Found a staircase to the Depths.
 22730 | Orc:1    | Entered Level 1 of the Orcish Mines
 23032 | Orc:2    | Entered Level 2 of the Orcish Mines
 23032 | Orc:2    | Noticed Saint Roka
 23032 | Orc:2    | Found Fiaciubb's Antique Weapon Shoppe.
 23240 | Orc:2    | Killed Saint Roka
 23258 | Orc:2    | Found a staircase to the Elven Halls.
 23312 | Orc:2    | Found Affuni's Assorted Antiques.
 23351 | Orc:2    | Found Gorhun's Antique Armour Shoppe.
 23361 | Orc:2    | Bought a pair of distressingly furry gloves for 294 gold
                  | pieces
 23361 | Orc:2    | Identified the -1 pair of gloves of Action {Harm +Blink}
                  | (You bought it in a shop on level 2 of the Orcish Mines)
 23417 | Orc:2    | Reached skill level 15 in Fighting
 23558 | Orc:2    | Noticed Azrael
 23583 | Orc:2    | Killed Azrael
 23941 | Orc:2    | Found Tusef's Assorted Antiques.
 23949 | Orc:2    | Bought a potion of invisibility for 160 gold pieces
 23970 | Orc:2    | Noticed Rupert
 23978 | Orc:2    | Killed Rupert
 24493 | Orc:2    | Found Huqyas's Magic Scroll Boutique.
 24493 | Orc:2    | Found Vezed's Jewellery Emporium.
 24495 | Orc:2    | Found Tyel's Antique Armour Boutique.
 24495 | Orc:2    | Found Tairifukk's Jewellery Emporium.
 24501 | Orc:2    | Bought a scroll of enchant weapon for 112 gold pieces
 24501 | Orc:2    | Bought a scroll of enchant armour for 112 gold pieces
 24501 | Orc:2    | Bought a scroll of teleportation for 45 gold pieces
 24503 | Orc:2    | Bought a shimmering helmet for 237 gold pieces
 24503 | Orc:2    | Identified the +1 helmet of Zin's Inspiration {Str+3} (You
                  | bought it in a shop on level 2 of the Orcish Mines)
 24515 | Orc:2    | Bought a +6 ring of dexterity for 504 gold pieces
 24773 | Snake:1  | Entered Level 1 of the Snake Pit
 24794 | Snake:1  | Identified Roxanne's Lessons on Shaping
 24794 | Snake:1  | Noticed Roxanne
 24805 | Snake:1  | Killed Roxanne
 25804 | Snake:2  | Found a transporter.
 25810 | Snake:2  | Found a transporter.
 25834 | Snake:2  | Found a transporter.
 25836 | Snake:2  | Found a transporter.
 25875 | Snake:2  | Reached XP level 18. HP: 86/120 MP: 18/18
 26062 | Snake:2  | Found a transporter.
 26066 | Snake:2  | Found a transporter.
 26391 | Snake:2  | Identified a scroll of acquirement
 26391 | Snake:2  | Acquired the +7 triple crossbow "Keisuhu" {heavy, rElec
                  | Int+2}
 26480 | Snake:2  | Identified the +3 mace "Leudoer" {venom, Dex+4}
 26952 | Snake:3  | Bought a potion of heal wounds for 70 gold pieces
 26952 | Snake:3  | Bought a potion of curing for 42 gold pieces
 26952 | Snake:3  | Bought a potion of curing for 42 gold pieces
 27848 | Snake:4  | Entered Level 4 of the Snake Pit
 28253 | Snake:4  | Noticed Vashnia
 28291 | Snake:4  | Killed Vashnia
 29095 | Snake:4  | Reached XP level 19. HP: 130/130 MP: 19/19
 29105 | Snake:4  | Reached skill level 19 in Ranged Weapons
 29534 | Snake:4  | Found Enoghus's Book Emporium.
 29535 | Snake:4  | Found Xazejaq's Jewellery Boutique.
 29537 | Snake:4  | Found Ziatren's Book Emporium.
 29545 | Snake:4  | Bought the amulet "Taloiv" {Reflect rPois rC++ Will+ SH+5}
                  | for 1350 gold pieces
 29946 | Snake:4  | Got a serpentine rune of Zot
 30126 | Swamp:1  | Entered Level 1 of the Swamp
 30146 | Swamp:1  | Reached skill level 20 in Ranged Weapons
 30517 | Swamp:1  | Noticed Aizul
 30530 | Swamp:1  | Killed Aizul
 30712 | Swamp:1  | Noticed Donald
 30721 | Swamp:1  | Killed Donald
 30826 | Swamp:2  | Noticed Nikola
 30832 | Swamp:2  | Killed Nikola
 30902 | Swamp:2  | Noticed Jorgrun
 30909 | Swamp:2  | Killed Jorgrun
 31382 | Swamp:3  | Reached skill level 21 in Ranged Weapons
 31819 | Swamp:4  | Entered Level 4 of the Swamp
 32230 | Swamp:4  | Paralysed by a fenstrider witch for 2 turns
 32361 | Swamp:4  | Reached XP level 20. HP: 132/136 MP: 20/20
 32369 | Swamp:4  | Reached skill level 22 in Ranged Weapons
 32603 | Swamp:4  | Noticed the 27-headed Lernaean hydra
 32608 | Swamp:4  | Killed the 27-headed Lernaean hydra
 32751 | Swamp:4  | Got a decaying rune of Zot
 32840 | Swamp:4  | Found a runed translucent gate.
 32840 | Swamp:4  | Found a runed translucent gate.
 32847 | Swamp:4  | Found a runed translucent gate.
 32870 | Swamp:4  | Noticed Tungsten's ghost (journeyman DgTm)
 33075 | Swamp:4  | Killed Tungsten's ghost
 33078 | Swamp:4  | Identified the amulet of Useaxt {Spirit rElec rN+ Int+7
                  | Dex-5}
 33315 | Elf:1    | Entered Level 1 of the Elven Halls
 33587 | Elf:1    | Found Adonk's Weapon Shop.
 33625 | Elf:1    | Paralysed by an air elemental for 1 turns
 33806 | Elf:1    | Found Lubruco's Antique Weapon Shoppe.
 33808 | Elf:1    | Found Vigewez's Armour Emporium.
 33943 | Elf:1    | Reached skill level 23 in Ranged Weapons
 34477 | Elf:1    | Got the Quarto of Conjuration
 34628 | Elf:2    | Found a runed translucent door.
 34635 | Elf:2    | Noticed derval's ghost (journeyman FeSu)
 34936 | Elf:2    | Found a runed translucent gate.
 34936 | Elf:2    | Found a runed translucent gate.
 34938 | Elf:2    | Found a runed translucent gate.
 35227 | Elf:2    | Found Nodghes's Book Shop.
 35586 | Elf:2    | Killed derval's ghost
 35596 | Elf:2    | Got the Enchiridion on Bedrock
 35675 | Elf:2    | Reached skill level 24 in Ranged Weapons
 35888 | Elf:2    | Reached XP level 21. HP: 113/141 MP: 21/21
 36359 | Vaults:1 | Entered Level 1 of the Vaults
 37429 | Vaults:1 | Reached skill level 25 in Ranged Weapons
 37647 | Vaults:1 | Identified the +0 cloak "Tinwul" {Fly rElec Stlth-}
 38185 | Vaults:2 | Paralysed by a sphinx for 5 turns
 38666 | Vaults:2 | Found Koef's Antique Weapon Emporium.
 38778 | Vaults:2 | Reached skill level 26 in Ranged Weapons
 39020 | Vaults:2 | Found a staircase to the Crypt.
 39548 | Vaults:3 | Got the Codex of the Wendigo and the Fifth Circle
 39796 | Vaults:3 | Reached XP level 22. HP: 82/148 MP: 22/22
 40145 | Vaults:3 | Identified the ring "Xasaniufyv" {*Corrode rPois rC+ MP+9
                  | Str+4}
 41315 | Vaults:4 | Found the amulet of the Four Winds {rN+ Will+++ Clar}
 41606 | Vaults:4 | Identified the ring "Hariam" {rPois rCorr Int+2 Dex+4}
 41735 | Vaults:4 | Noticed Mennas
 41740 | Vaults:4 | Killed Mennas
 41745 | Vaults:4 | Found Xoph's Armour Emporium.
 42240 | Depths:1 | Entered Level 1 of the Depths
 42243 | Depths:1 | Noticed Bai Suzhen
 42249 | Depths:1 | Killed Bai Suzhen
 42343 | Depths:1 | Reached XP level 23. HP: 72/156 MP: 23/23
 42581 | Depths:1 | Found a gateway to Hell.
 42789 | Depths:1 | Found a snail-covered altar of Cheibriados.
 43537 | Depths:1 | Found Ybyith's Jewellery Shop.
 43827 | Depths:2 | Found a one-way gateway to a ziggurat.
 43837 | Depths:2 | Noticed Vv
 43839 | Depths:2 | Killed Vv
 43897 | Depths:2 | Noticed the Enchantress
 43984 | Depths:2 | Killed the Enchantress
 44956 | Depths:2 | Identified the +1 war axe "Jeblun" {pain, Int+3}
 45000 | Depths:2 | Noticed a golden dragon
 45004 | Depths:2 | Killed a golden dragon
 45382 | Depths:2 | Found a hazy altar of Hepliaklqana.
 45415 | Depths:2 | Noticed Mara
 45416 | Depths:2 | Killed Mara
 45417 | Depths:2 | Found a stormy altar of Qazlal.
 45615 | Depths:2 | Found a one-way gate leading to the halls of Pandemonium.
 46114 | Depths:3 | You are sucked into a shaft and drop 1 floor!
 46114 | Depths:4 | Entered Level 4 of the Depths
 46241 | Depths:4 | Noticed a juggernaut
 46244 | Depths:4 | Killed a juggernaut
 46245 | Depths:4 | Noticed a juggernaut
 46250 | Depths:4 | Killed a juggernaut
 46251 | Depths:4 | Reached XP level 24. HP: 166/166 MP: 23/23
 46525 | Depths:4 | Found a gate to the Realm of Zot.
 46826 | Depths:4 | HP: 5/166 [metal wall collision[a white draconian
                  | stormcaller] (17)]
 46829 | Depths:4 | Killed from afar by a white draconian stormcaller

Illustrated notes

Levels and vault maps discovered:
D:1:      nicolae_arrival_washed_ashore, layout_rooms
D:2:      layout_rooms, basic_ecumenical_altar, basic_altar,
          minmay_misc_feat_cross, nicolae_eternal_life, hangedman_decor_points,
          uniq_terence, uniq_jessica
D:3:      layout_loops_cross, minmay_shallow_snake_nest
D:4:      layout_layer_cave
D:5:      layout_cave_pools
D:6:      nicolae_cairo_tiling_very_big, layout_loops_cross,
          lemuel_zombie_altar_yredelemnul, minmay_temple_entry_hall
D:7:      layout_loops_cross, mainiacjoe_overflow_catch_the_wave, minmay_between
D:8:      layout_loops_ring, kennysheep_diamond, hangedman_decor_lopped
D:9:      layout_roguey, enter_bailey_4, serial_undead, serial_undead_c,
          serial_undead_f, serial_undead_e, serial_undead_a,
          kennysheep_decorative_pillar, nicolae_lava_and_water,
          hellmonk_bongcloud_opening, nicolae_transmutations_shop
D:10:     layout_cave_pools, special_room [special_room_bee],
          nrook_pool_corridor, kennysheep_generic_room_13
D:11:     layout_rooms, due_lair_maze_entry_diamond, enter_trove_0,
          gammafunk_ghost_hydra_chop, minmay_fire_ice_demons
D:12:     due_megacathedral, layout_basic, uniq_frances
D:13:     layout_irregular_city
D:14:     layout_gridville, hangedman_vaults_entry_quadrant_bands
D:15:     grunt_enter_depths_magical_seal, layout_basic
Temple:   nicolae_temple_bog_church
Lair:1:   layout_chaotic_city, nicolae_volcano_entry_vermiform
Lair:2:   layout_loops_ring, nzn_random_ring, uniq_amaemon
Lair:3:   layout_small_grid, nicolae_swamp_entry_splash_gauntlet,
          dummy_snake_entry, grunt_megastairs_1
Lair:4:   layout_loops_ring, nicolae_slime_entry_slimehenge,
          gammafunk_ghost_icy, serial_bayou_ford_a, uniq_kirke
Lair:5:   hellmonk_lair_end_abyssal_woods, layout_cave_pods,
          portal_ice_cave_entry_imps, basic_altar,
          chequers_serial_rivers_room_a, grunt_megastairs_3,
          infiniplex_staircase_pool, uniq_sonja
Swamp:1:  layout_basic_swamp, hangedman_swamp_ruin_wall, swamp_pool1,
          roderic_carrion_pond, infiniplex_staircase_pool_2, uniq_aizul,
          uniq_donald
Swamp:2:  layout_falls_marsh, evilmike_swamp_ruin_house_1, uniq_nikola,
          uniq_jorgrun
Swamp:3:  layout_falls_marsh, serial_swamp_ruin, evilmike_swamp_ruin_house_4,
          evilmike_swamp_ruin_house_2, evilmike_swamp_ruin_rubble_2
Swamp:4:  grunt_swamp_rune_castle, layout_basic_swamp, ebering_ghost_rock_garden
Snake:1:  layout_honeycomb, uniq_roxanne
Snake:2:  layout_honeycomb, nicolae_snake_gridmaze_entwining, drop_trap,
          serial_nicolae_subway, nicolae_sub_station_crystal,
          nicolae_sub_station_metal, nicolae_sub_station_stone
Snake:3:  layout_cave_town, nicolae_integral_box, serial_bayou_shore_b
Snake:4:  grunt_snake_rune_pools, layout_chambers, nicolae_snake_gridmaze_big_u,
          serial_bayou_lake_a, serial_bayou_shore_b, minmay_shop_grove,
          uniq_vashnia
Orc:1:    layout_caves
Orc:2:    grunt_orc_tribal_feast, layout_caves, serial_shops, shop, shop, shop,
          shop, uniq_rupert, uniq_saint_roka, uniq_azrael
Elf:1:    eino_elf_arrival_the_gate, layout_geoelf_diagonals, serial_shops,
          shop, minmay_elf_sorcery, minmay_shoptagon
Elf:2:    nicolae_elf_blades_splatter_lattice [nicolae_blade_entry_antechamber],
          layout_gridlike, hellmonk_ghost_big_iron, serial_shops,
          nicolae_shop_window_shopping, solitary_fountain, grunt_ministairs_14,
          hangedman_elven_ridges, minivault_11, dk_noncrumbling_3
Vaults:1: vaults_room_grid, nicolae_vaults_shelves_hall, st_eye, v_misc_12,
          nicolae_vaults_shelves_hall, grunt_vaults_hallway_short,
          nicolae_vaults_gold_heap, layout_vaults_omnigrid
Vaults:2: vaults_dpeg_encased_lava, vaults_room_fours,
          nicolae_vaults_stairing_the_circle, vaults_room_large_hall,
          vaults_room_pools, vaults_dpeg_emergency_exit, hangedman_vaults_nails,
          hangedman_vaults_nails, minmay_crypt_entry_simple_box,
          vaults_room_door_hall, layout_vaults_big_room, serial_shops, shop
Vaults:3: ontoclasm_vaults_ring_large, nicolae_vaults_three_branches,
          ontoclasm_vaults_gallery, ontoclasm_vaults_eye,
          nicolae_vaults_bisected_exclaves, hangedman_vaults_cutoff,
          v_pattern_3, v_misc_27, layout_vaults_omnicross
Vaults:4: st_greater_box_2, nicolae_vaults_hallways_thing, grunt_vaults_bifocal,
          vaults_mumra_chevron, v_misc_25, vaults_room_octagon,
          nicolae_vaults_back_hallway, v_misc_12, grunt_vaults_focal,
          ontoclasm_vaults_misaligned, vaults_room_semicircle, v_misc_2,
          vaults_dpeg_cross, v_misc_25, layout_vaults_maze_bifur, serial_shops,
          nicolae_shop_stone, uniq_mennas
Depths:1: layout_gridlike, serial_shops, nicolae_shop_hallway_stairs,
          grunt_hell_entry_demonic_statue, serial_aquarium,
          aquarium_bridge_island_small [aquarium_subvault_small_water,
          aquarium_subvault_bridge, aquarium_subvault_balcony,
          aquarium_subvault_window, aquarium_subvault_bridge],
          aquarium_bridge_straight [aquarium_subvault_bridge,
          aquarium_subvault_wall, aquarium_subvault_bridge,
          aquarium_subvault_wall], aquarium_window_1, aquarium_window_1,
          aquarium_window_fake, aquarium_window_2, aquarium_view_2c,
          aquarium_view_2a, minmay_liquid_box, cheibriados_altar_1,
          uniq_bai_suzhen
Depths:2: grunt_arcs, layout_gridlike, enter_ziggurat_e, pan_entry,
          hangedman_abyss_entry_splay, hell_entry,
          nicolae_hepliaklqana_hippocampus, grunt_qazlal_clouds,
          infiniplex_staircase_spiral_double, serial_bayou_shore_b, uniq_vv,
          uniq_mara, uniq_enchantress
Depths:3: cheibrodos_hall_of_evolution, layout_gridlike,
          abyss_entry_flame_altar, hell_entry, hangedman_stitches_earthworm,
          minmay_shop_star
Depths:4: evilmike_zot_entry_argh, layout_cave_pools, hell_entry, pan_entry,
          nicolae_ashenzari_panopticon, minivault_1, hangedman_corner_corridor,
          uniq_josephina

Skill      XL: |  1  2  3  4  5  6  7  8  9 10 11 12 13 14 15 16 17 18 19 20 21 22 23 |
---------------+----------------------------------------------------------------------+-----
Ranged Weapons | 5 6 7 8 9 11 14 16 18 21 24 26 | 26.0
Dodging        | 4 8 11 13 15 17 18 20 21 | 21.9
Fighting       | 4 7 10 12 14 15 18 20 21 | 21.5
Armour         | 5 |  5.8
Stealth        | |  1.1

Action                     |  1- 3 |  4- 6 |  7- 9 | 10-12 | 13-15 | 16-18 | 19-21 | 22-24 || total
---------------------------+-------+-------+-------+-------+-------+-------+-------+-------++-------
   Fire: Shortbow          |    83 |   160 |   345 |    61 |       |       |       |       ||   649
         Arbalest          |       |       |       |   640 |  1090 |  1008 |   609 |       ||  3347
         Triple crossbow   |       |       |       |       |       |    23 |   112 |   642 ||   777
         Longbow           |       |       |       |       |       |       |  1022 |       ||  1022
 Invoke: Call Merchant     |       |       |       |       |       |     3 |       |       ||     3
         Potion Petition   |       |       |       |       |       |       |     2 |       ||     2
    Use: Scroll            |     4 |    10 |     4 |    12 |     9 |     8 |     4 |       ||    51
         Potion            |       |       |     1 |     3 |     2 |     3 |     2 |     4 ||    15
 Armour: Leather armour    |     8 |    39 |    41 |       |       |       |       |       ||    88
         Steam dragon scal |       |       |    14 |   131 |   125 |   121 |   260 |    58 ||   709
         Acid dragon scale |       |       |       |       |       |       |       |    56 ||    56
  Dodge: Dodged            |    10 |    74 |    72 |   258 |   470 |   632 |   976 |   604 ||  3096
  Block: Other             |       |    10 |    26 |    85 |   111 |   108 |   169 |    89 ||   598
         Reflection        |       |       |     3 |     2 |     3 |    22 |    14 |     9 ||    53

Table legend: (Time is in decaauts)
 A = Elapsed time spent in this place.
 B = Non-inter-level travel time spent in this place.
 C = Inter-level travel time spent in this place.
 D = Time resting spent in this place.
 E = Time spent auto-exploring this place.
 F = Levels seen in this place.
 G = Mean time per level.
                   A        B        C        D        E       F      G
               +--------+--------+--------+--------+--------+-----+--------+
         Total |  46849 |  43323 |   3526 |   7426 |  26780 |  44 | 1064.8 |
       Dungeon |  15546 |  13986 |   1560 |   2239 |   9182 |  15 | 1036.4 |
        Temple |    247 |    198 |     49 |      0 |    182 |   1 |  247.0 |
          Lair |   6203 |   5586 |    617 |    513 |   3896 |   5 | 1240.6 |
         Swamp |   2994 |   2872 |    122 |    500 |   1743 |   4 |  748.5 |
     Snake Pit |   5363 |   5148 |    215 |    809 |   3187 |   4 | 1340.8 |
  Orcish Mines |   2081 |   1975 |    106 |    682 |    942 |   2 | 1040.5 |
   Elven Halls |   2616 |   2425 |    191 |    238 |   1648 |   2 | 1308.0 |
        Vaults |   5943 |   5447 |    496 |    879 |   3476 |   4 | 1485.8 |
        Depths |   4033 |   3866 |    167 |    941 |   1842 |   4 | 1008.2 |
        Bailey |    478 |    478 |      0 |    147 |    222 |   1 |  478.0 |
      Ice Cave |    791 |    791 |      0 |    205 |    328 |   1 |  791.0 |
       Volcano |    548 |    548 |      0 |    270 |    129 |   1 |  548.0 |
               +--------+--------+--------+--------+--------+-----+--------+

Top non-repeatable levels by time:
 Snake:4: 2144 daAuts
Depths:2: 1769 daAuts
Vaults:1: 1723 daAuts
   Orc:2: 1589 daAuts
    D:15: 1586 daAuts
  Lair:4: 1548 daAuts
Vaults:4: 1528 daAuts
   Elf:2: 1473 daAuts
    D:12: 1413 daAuts
  Lair:5: 1393 daAuts
Depths:1: 1368 daAuts
Vaults:2: 1365 daAuts
Vaults:3: 1325 daAuts
     D:4: 1317 daAuts
 Snake:2: 1239 daAuts
